 Dungeon Crawl Stone Soup version 0.30-a0-29-g142975f185 (webtiles) character file.

Game seed: 6435190721791662857

316468 tilp the Lord of Darkness (level 20, -8/164 HPs)
             Began as a Mummy Necromancer on Aug 24, 2022.
             Was the Champion of Kikubaaqudgha.
             Killed from afar by a deep troll earth mage (28 damage)
             ... with an icy blast
             ... on level 1 of the Depths on Aug 27, 2022.
             The game lasted 02:57:18 (65906 turns).

tilp the Lord of Darkness (Mummy Necromancer)      Turns: 65906, Time: 02:57:19

Health: -8/164     AC: 19    Str: 18    XL:     20   Next: 87%
Magic:  6/37       EV: 16    Int: 21    God:    Kikubaaqudgha [******]
Gold:   319        SH:  0    Dex: 15    Spells: 2/46 levels left

rFire   . . .      SeeInvis +    a - staff of death
rCold   + + +      Faith    .    (no shield)
rNeg    + + +      Spirit   .    P - +4 skin of Zhor {*Englaciate rC+++ SInv}
rPois   ∞          Reflect  .    d - +2 helmet
rElec   .          Harm     .    O - +2 cloak {Will+}
rCorr   .          Rampage  .    b - +2 pair of gloves
Will    +++..                    q - +2 pair of boots {Stlth+}
Stlth   ++++......               K - amulet of magic regeneration
HPRegen 0.37/turn                J - ring "Vawu" {Drain Fly rC+ Str+7 Slay+6}
MPRegen 0.65/turn                r - ring of protection from fire

@: death channelling, animating dead, flying, studying Evocations
A: cold resistance 1, negative energy resistance 3, torment resistance 2, heat
vulnerability 1, in touch with death 2, no potions
}: 1/15 runes: serpentine
a: Renounce Religion, Unearth Wretches, Torment


You were on level 1 of the Depths.
You worshipped Kikubaaqudgha.
Kikubaaqudgha was exalted by your worship.
You visited 8 branches of the dungeon, and saw 38 of its levels.
You visited 1 bazaar.
You also visited: Sewer and Ice Cave.

You collected 5709 gold pieces.
You spent 5390 gold pieces at shops.

Inventory:

Hand Weapons
 c - the +8 morningstar "Akiliesk" {venom, rPois rF+ Dex+2}
   (You bought it in a shop on level 9 of the Dungeon)

   It poisons the flesh of those it strikes.
   Dex:       It affects your dexterity (+2).
   rF:        It protects you from fire.
   rPois:     It protects you from poison.
 p - a +3 lajatang of electrocution
 M - a +3 vorpal lajatang
Missiles
 s - 10 curare-tipped darts
 t - 35 poisoned darts (quivered)
 y - 11 atropa-tipped darts
 B - a boomerang of dispersal
 G - a throwing net
 I - 14 boomerangs
 S - 5 silver javelins
 U - 11 datura-tipped darts
Armour
 b - a +2 pair of gloves (worn)
 d - a +2 helmet (worn)
 q - a +2 pair of boots of stealth (worn)
 O - a +2 cloak of willpower (worn)
 P - the +4 skin of Zhor (worn) {*Englaciate rC+++ SInv}
   (You found it on level 8 of the Dungeon)

   It radiates cold, occasionally slowing all nearby creatures who are not
   resistant to cold.
   rC:        It renders you almost immune to cold.
   SInv:      It lets you see invisible.
 T - a +0 buckler of reflection
 Z - an orb of guile
Magical Staves
 a - a staff of death (weapon)
Jewellery
 h - a +4 ring of protection
 r - a ring of protection from fire (right hand)
 J - the ring "Vawu" (left hand) {Drain Fly rC+ Str+7 Slay+6}
   (You bought it in a shop on level 1 of the Snake Pit)

   [ring of protection from cold]

   Str:       It affects your strength (+7).
   Slay:      It affects your accuracy & damage with ranged weapons and melee
   (+6).
   rC:        It protects you from cold.
   Fly:       It grants you flight.
   Drain:     It drains your maximum health when unequipped.
 K - an amulet of magic regeneration (around neck)
 N - an amulet of regeneration
 R - a ring of resist corrosion
 W - a +4 ring of slaying
 X - a ring of flight
Wands
 g - a wand of polymorph (17)
 i - a wand of digging (5)
 u - a wand of flame (6)
 x - a wand of acid (11)
 z - a wand of charming (33)
 F - a wand of mindburst (19)
 Q - a wand of iceblast (10)
Scrolls
 e - a scroll of torment
 f - 6 scrolls of fear
 j - 2 scrolls of silence
 l - 17 scrolls of teleportation
 m - 6 scrolls of butterflies
 n - 4 scrolls of amnesia
 v - 4 scrolls of poison
 A - 8 scrolls of magic mapping
 C - 9 scrolls of immolation
 D - a scroll of enchant armour
 E - 7 scrolls of vulnerability
 L - 2 scrolls of summoning
 Y - 3 scrolls of blinking
Miscellaneous
 k - a phial of floods
 o - a phantom mirror
 w - a condenser vane
 H - a lightning rod (4/4)
 V - a box of beasts


   Skills:
 * Level 16.1 Fighting
 + Level 10.6 Staves
 + Level 4.8 Armour
 + Level 8.3 Dodging
 - Level 4.0 Stealth
 * Level 2.1 Shields
 + Level 13.9 Spellcasting
 + Level 8.9 Hexes
 + Level 8.8 Summonings
 * Level 18.9 Necromancy
 + Level 8.7 Ice Magic
 + Level 8.8 Earth Magic
 + Level 12.9 Evocations


You had 2 spell levels left.
You knew the following spells:

 Your Spells              Type           Power      Damage    Failure   Level
a - Necrotise             Necr           100%       1d9       0%          1
b - Vampiric Draining     Necr           100%       2d13      0%          3
c - Animate Dead          Necr           100%       N/A       1%          4
d - Anguish               Hex/Necr       64%        N/A       1%          4
e - Death Channel         Necr           71%        N/A       1%          6
f - Borgnjor's Vile Clut  Necr/Erth      64%        N/A       1%          5
g - Simulacrum            Ice/Necr       64%        N/A       2%          6
h - Haunt                 Necr/Summ      64%        N/A       12%         7
i - Infestation           Necr           71%        N/A       12%         8

Your spell library contained the following spells:

 Spells                   Type           Power      Damage    Failure   Level
 Slow                     Hex            100%       N/A       1%          1
 Summon Small Mammal      Summ           100%       N/A       1%          1
 Call Imp                 Summ           51%        N/A       1%          2
 Ensorcelled Hibernation  Hex/Ice        100%       N/A       1%          2
 Passwall                 Tmut/Erth      27%        N/A       1%          2
 Apportation              Tloc           28%        N/A       4%          1
 Magic Dart               Conj           56%        1d5       4%          1
 Shock                    Conj/Air       56%        1d6       4%          1
 Poisonous Vapours        Pois/Air       28%        N/A       7%          2
 Searing Ray              Conj           28%        2d5       7%          2
 Static Discharge         Conj/Air       28%        3-5/arc   7%          2
 Call Canine Familiar     Summ           51%        N/A       1%          3
 Confusing Touch          Hex            51%        N/A       1%          3
 Ozocubu's Armour         Ice            51%        N/A       1%          3
 Portal Projectile        Hex/Tloc       66%        N/A       1%          3
 Stone Arrow              Conj/Erth      66%        3d11      1%          3
 Summon Guardian Golem    Hex/Summ       51%        N/A       1%          3
 Animate Armour           Summ/Erth      100%       N/A       1%          4
 Cause Fear               Hex            25%        N/A       1%          4
 Leda's Liquefaction      Hex/Erth       25%        N/A       1%          4
 Agony                    Necr           100%       N/A       1%          5
 Corpse Rot               Necr/Pois/Air  95%        N/A       3%          4
 Lee's Rapid Deconstruct  Erth           25%        3d15*     3%          5
 Fulminant Prism          Conj/Hex       16%        3d11      7%          4
 Hailstorm                Conj/Ice       33%        3d8       7%          4
 Petrify                  Tmut/Erth      33%        N/A       7%          4
 Summon Lightning Spire   Summ/Air       33%        N/A       7%          4
 Ignite Poison            Fire/Tmut/Pois 14%        N/A       13%         3
 Mephitic Cloud           Conj/Pois/Air  14%        N/A       13%         3
 Swiftness                Air            14%        N/A       13%         3
 Yara's Violent Unravell  Hex/Tmut       16%        3d8       19%         5
 Freezing Cloud           Conj/Ice/Air   13%        6-21      34%         5
 Airstrike                Air            7%         2d(1-17)  41%         4
 Iskenderun's Mystic Bla  Conj/Tloc      14%        2d5       41%         4
 Enfeeble                 Hex            25%        N/A       67%         7
 Ozocubu's Refrigeration  Ice            25%        4d13      69%         7
 Irradiate                Conj/Tmut      7%         3d14      77%         5
 Lightning Bolt           Conj/Air       7%         1d19      77%         5
 Spellforged Servitor     Conj/Summ      16%        N/A       99%         7
 Orb of Destruction       Conj           7%         9d6       100%        7
 Lehudib's Crystal Spear  Conj/Erth      16%        10d5      100%        8
 Maxwell's Capacitive Co  Air            7%         ∞         100%        8
 Dragon's Call            Summ           25%        N/A       100%        9
 Fire Storm               Conj/Fire      7%         8d2       100%        9
 Sublimation of Blood     Necr           Unusable   N/A       N/A         2
 Ice Form                 Ice/Tmut       Unusable   N/A       N/A         4
 Dragon Form              Tmut           Unusable   N/A       N/A         7

Dungeon Overview and Level Annotations

Branches:
Dungeon (15/15)            Temple (0/1) D:7            Lair (5/5) D:10
  Swamp (4/4) Lair:3        Snake (4/4) Lair:3        Slime (0/5) Lair:5
    Orc (2/2) D:12            Elf (3/3) Orc:2        Vaults (4/5) D:14
  Crypt (0/3) Vaults:2     Depths (1/4) D:15          Sewer (visited)
  IceCv (visited)

Altars:
Cheibriados
Dithmenos
Fedhas
Kikubaaqudgha
Makhleb
Okawaru
Qazlal
Ru
Sif Muna
Wu Jian
Jiyva

Shops:
D:6 ?   D:9 [(*((   D:10 *   D:11 *   Orc:1 [   Orc:2 *[*:=   Elf:2 *
Snake:1 =![!:   Snake:2 =(   Snake:4 =:=   Vaults:1 =   Vaults:3 *

Annotations:
Elf:2 3 runed translucent doors
Elf:3 vault unopened, 1 exclusion


Innate Abilities, Weirdness & Mutations

You are immune to poison.
Your flesh is cold resistant. (rC+)
You are immune to negative energy. (rN+++)
You are immune to unholy pain and torment.
You are vulnerable to heat. (rF-)
You are strongly in touch with the powers of death.
You do not drink.


Message History

The necromancer hits your spectral spriggan air mage with a +0 dagger.
Your stone giant zombie hits the deep troll earth mage.
The necromancer simulacrum barely misses your spectral necromancer.
The necromancer hits your spectral hell knight with a +0 dagger.
Your spectral spriggan air mage hits the deep troll earth mage.
The hell knight utters an invocation to its god.
The hell knight seems to speed up.
The deep troll earth mage bites your stone giant zombie!
Your stone giant zombie is destroyed!
Your spectral deep troll earth mage barely misses the deep troll.
Your spectral deep troll earth mage claws the deep troll. x2
Your spectral hell knight hits the necromancer.
The deep troll shaman bites your spectral ettin!!
The deep troll shaman claws your spectral ettin!
The deep troll shaman claws your spectral ettin.
The deep troll earth mage shouts!
There is a staircase back to the Dungeon here.
Unknown command.
Unknown command.
Unknown command.
The necromancer hits your spectral spriggan air mage with a +0 dagger.
The hell knight simulacrum hits your spectral stone giant!!
The hell knight simulacrum freezes your spectral stone giant!
Your spectral stone giant resists.
The hell knight calls down the wrath of its god upon you.
The bolt of fire hits your spectral stone giant!!
The bolt of fire hits you!
* * * LOW HITPOINT WARNING * * *
Your spectral necromancer hits the deep troll earth mage but does no damage.
Your spectral stone giant hits the hell knight!!
Your spectral spriggan air mage barely misses the necromancer.
Your spectral stone giant hits the deep troll earth mage!
Your spectral hell knight hits the necromancer!!
The deep troll earth mage casts a spell at the deep troll earth mage simulacrum.
The deep troll earth mage simulacrum shatters!!
The icy blast hits your spectral stone giant!
Your spectral stone giant partially resists.
The icy blast hits you!! You partially resist.
You die...
Kikubaaqudgha rasps: "You have failed me!
Welcome... oblivion!" .......# .Z)...+ #.ZTZ.## #TZTp°.## +pZZZ○T.#

#Zp.....+
#.Z...#
+.@Z.#
#....#
#...###
#..## ##+


You could see a hell knight (fast, soul bound, distracted, infested), 2 deep
trolls, a deep troll earth mage (soul bound, infested, ally target), a deep
troll shaman (soul bound, infested), 2 necromancers, a hell knight simulacrum, a
necromancer simulacrum, a deep troll earth mage simulacrum, a friendly spectral
spriggan air mage, a friendly spectral ettin, 2 friendly spectral stone giants,
a friendly spectral hell knight, a friendly spectral necromancer and a friendly
spectral deep troll earth mage.

Vanquished Creatures
  A golden dragon (Vaults:3)
  Jory (Vaults:3)
  Asterion (Elf:3)
  A sphinx (Vaults:2)
  A storm dragon (D:13)
  A tengu reaver (D:13)
  Donald (Swamp:1)
  A fenstrider witch (Swamp:3)
  A nagaraja (Snake:3)
  5 vault wardens
  An emperor scorpion (D:15)
  A deep elf sorcerer (Elf:1)
  4 ironbound preservers
  2 ironbound thunderhulks
  A stone giant (Depths:1)
  3 entropy weavers
  A deep elf annihilator (Elf:2)
  2 dire elephants (Vaults:4)
  A bunyip (Swamp:4)
  2 ettins (D:13)
  Josephine (Orc:2)
  5 yaktaur captains
  3 great orbs of eyes (Vaults:2)
  Erolcha (D:12)
  7 hydras
  2 peacekeepers
  8 vault guards
  A ghost crab (Swamp:3)
  4 two-headed ogres
  A salamander tyrant (Snake:4)
  10 centaur warriors
  A boulder beetle (Lair:5)
  5 ironbound frosthearts
  An alligator (Swamp:1)
  9 dancing weapons
  5 death yaks
  3 anacondas
  2 tengu warriors (D:13)
  5 naga warriors
  A shock serpent (Snake:4)
  4 naga sharpshooters
  8 deep elf knights
  A death drake (Swamp:1)
  A salamander mystic (Snake:4)
  2 goliath frogs (Swamp:3)
  A bog body (Lair:3)
  7 deep trolls
  A spriggan druid (Swamp:2)
  5 swamp dragons
  An obsidian statue (D:14)
  A naga ritualist (Snake:4)
  3 necromancers
  A harpy (Vaults:2)
  5 deep elf archers
  7 lindwurms
  4 wizards
  3 mana vipers
  17 deep elf pyromancers
  8 ironbound convokers
  14 deep elf zephyrmancers
  An orc knight (Vaults:4)
  6 ugly things
  5 cyclopes
  8 salamanders
  Maurice (Orc:1)
  6 elephants (Lair:1)
  3 naga magi
  2 ice statues (IceCv)
  A human skeleton (Vaults:4)
  3 guardian serpents
  8 vault sentinels
  22 black mambas
  3 torpor snails
  2 cane toads (Lair:1)
  A komodo dragon (Lair:2)
  7 rime drakes
  A yaktaur skeleton (Vaults:2)
  2 kobold demonologists (D:14)
  14 yaktaurs
  2 efreet
  A tengu conjurer (D:13)
  2 tyrant leeches (Swamp:2)
  A queen bee (Lair:3)
  5 trolls
  2 bloated husks (Swamp:1)
  A polar bear (Lair:4)
  A tarantella (Vaults:3)
  14 blink frogs
  2 hornets
  6 slime creatures
  Sigmund (D:3)
  2 water elementals
  An air elemental (Elf:3)
  7 spriggans
  A culicivora (Vaults:3)
  A human (shapeshifter) (D:13)
  3 basilisks
  17 yaks
  An elf zombie (Vaults:2)
  3 shadows
  5 fire elementals
  2 wyverns
  5 redbacks
  A human simulacrum (Vaults:4)
  5 vampire mosquitoes
  Menkaure (D:7)
  A death yak simulacrum (Lair:4)
  18 swamp worms
  2 wargs (Orc:2)
  Edmund (D:4)
  An acid dragon (D:13)
  A glowing shapeshifter zombie (Vaults:4)
  8 water moccasins
  7 nagas
  2 ice beasts
  A hell hound (Elf:1)
  Pargi (Sewer)
  2 sky beasts
  A black bear (D:5)
  7 orc warriors
  A swamp drake (Swamp:4)
  A centaur (D:5)
  4 ogres
  2 wolves
  A phantom (D:6)
  5 kobold brigands
  3 bullfrogs
  2 scorpions (D:4)
  2 earth elementals
  6 wights
  A lindwurm simulacrum (IceCv)
  12 killer bees
  2 electric eels (Snake:1)
  5 howler monkeys
  9 komodo dragon simulacra (IceCv)
  5 hounds
  A jelly (D:6)
  6 orc priests
  A gnoll bouda (D:7)
  5 iguanas
  12 orc wizards
  2 wolf simulacra (Lair:4)
  9 adders
  5 gnolls
  2 river rats (D:5)
  4 acid dragon simulacra (IceCv)
  2 shadow imps (D:14)
  A white imp (D:6)
  An ufetubus (D:14)
  3 steam dragon simulacra (IceCv)
  2 worms (D:4)
  4 dart slugs
  33 orcs
  8 endoplasms
  5 giant cockroaches
  9 goblins
  7 hobgoblins
  20 kobolds
  4 quokkas
  6 ball pythons
  A bat (D:2)
  3 frilled lizards
  3 rats
  2 rat zombies (D:3)
  A briar patch (Swamp:3)
  2 bushes (D:14)
668 creatures vanquished.

Vanquished Creatures (collateral kills)
  Vashnia (Snake:4)
  Nikola (Snake:1)
  A quicksilver dragon (Snake:4)
  Frances (Snake:1)
  A thorn hunter (Swamp:2)
  A fire giant (Vaults:3)
  4 vault wardens
  Aizul (Snake:1)
  7 ironbound preservers
  A war gargoyle (Vaults:4)
  2 bunyips (Swamp:2)
  5 dire elephants
  2 eleionomae
  A deep elf death mage (Elf:2)
  A shambling mangrove (Swamp:4)
  2 fire dragons (Swamp:4)
  2 great orbs of eyes
  A yaktaur captain (Vaults:4)
  6 vault guards
  A boulder beetle (D:11)
  8 hydras
  A ghost crab (Swamp:1)
  A salamander tyrant (Snake:4)
  An ogre mage (Orc:2)
  3 anacondas
  4 centaur warriors
  An ice dragon (Lair:5)
  3 ironbound frosthearts
  3 death knights
  A dancing weapon (Elf:3)
  4 two-headed ogres (Orc:2)
  4 alligators (Swamp:4)
  5 death yaks (Lair:5)
  A tengu warrior (D:13)
  4 naga sharpshooters
  A shock serpent (Snake:4)
  A deep elf knight (Elf:1)
  22 deep trolls
  A sea snake (Snake:1)
  A spriggan rider (Swamp:4)
  2 deep elf archers
  3 spriggan druids
  A tengu zombie (Vaults:2)
  3 orc knights (Vaults:2)
  4 lindwurms
  6 bog bodies
  3 ironbound convokers
  3 harpies (Vaults:2)
  7 swamp dragons
  A wizard (Vaults:4)
  A phantasmal warrior (Vaults:2)
  6 deep elf zephyrmancers
  A necromancer (Vaults:4)
  6 deep elf pyromancers
  6 ugly things
  4 mana vipers
  3 salamanders (Snake:3)
  5 cyclopes
  An orc sorcerer (Orc:1)
  A fire giant zombie (Vaults:4)
  A will-o-the-wisp (Swamp:2)
  A manticore (D:13)
  An elf zombie (Vaults:4)
  3 guardian serpents
  9 black mambas
  6 naga magi
  5 cane toads
  4 vault sentinels
  2 torpor snails (Lair:5)
  2 rime drakes
  2 komodo dragons (Lair:1)
  17 yaktaurs
  A yaktaur zombie (Vaults:4)
  A freezing wraith (Vaults:2)
  A queen bee (shapeshifter) (D:15)
  A yaktaur skeleton (Vaults:4)
  12 hornets
  7 trolls
  3 tyrant leeches
  17 blink frogs
  25 slime creatures
  An ettin skeleton (Vaults:4)
  2 spriggans
  5 air elementals
  A water elemental (Elf:1)
  2 fire elementals
  5 wraiths
  21 yaks
  2 wyverns
  3 basilisks
  A steam dragon (Swamp:4)
  6 redbacks
  7 vampire mosquitoes
  A death yak simulacrum (Lair:4)
  3 wargs (Orc:2)
  4 swamp worms
  A human simulacrum (Vaults:4)
  9 nagas
  2 acid dragons
  6 water moccasins
  5 orc warriors
  8 swamp drakes (Swamp:4)
  10 ogres
  5 centaurs
  2 wolves
  2 kobold brigands (D:14)
  A human zombie (Vaults:4)
  2 earth elementals (Elf:3)
  8 bullfrogs
  A human skeleton (Vaults:2)
  4 wights
  A lindwurm simulacrum (IceCv)
  7 killer bees
  6 howler monkeys
  2 electric eels (Snake:1)
  A lava snake (Swamp:4)
  3 hounds (D:10)
  7 orc priests
  7 orc wizards
  A wolf simulacrum (Lair:4)
  2 acid dragon simulacra (IceCv)
  An adder (D:5)
  A shadow imp (D:14)
  A white imp (D:5)
  An ufetubus (D:4)
  A steam dragon simulacrum (IceCv)
  A worm (D:5)
  A dart slug (D:1)
  23 orcs
  A giant cockroach (D:4)
  2 goblins
  2 hobgoblins
  8 kobolds
  2 bushes
512 creatures vanquished.

Vanquished Creatures (others)
  Jorgrun (Orc:2)
  A quicksilver dragon (Snake:4)
  2 sphinxes
  A tengu reaver (Vaults:3)
  A fenstrider witch (Swamp:4)
  9 vault wardens
  An orc warlord (Vaults:2)
  A stone giant (Depths:1)
  9 ironbound preservers
  An eleionoma (Swamp:3)
  5 ironbound thunderhulks
  A white draconian (IceCv)
  An entropy weaver (Vaults:3)
  A deep elf annihilator (Elf:1)
  2 dire elephants
  4 bunyips
  Azrael (Elf:1)
  An ettin (Depths:1)
  Snorg (Lair:4)
  A deep elf death mage (Elf:3)
  A fire dragon (Swamp:4)
  3 yaktaur captains
  3 vault guards (D:14)
  3 great orbs of eyes
  4 spriggan air magi
  8 boulder beetles
  8 hydras
  4 ironbound frosthearts
  An ogre mage (Orc:2)
  A catoblepas (Lair:4)
  4 anacondas
  5 two-headed ogres
  A death knight (D:8)
  8 centaur warriors
  2 naga warriors (Snake:4)
  6 death yaks
  4 shock serpents
  5 naga sharpshooters
  A deep troll earth mage (Depths:1)
  An alligator (Swamp:1)
  A storm dragon zombie (D:13)
  A spriggan berserker (Swamp:1)
  8 deep elf knights
  2 hell knights (Depths:1)
  A spriggan (Swamp:2)
  A salamander mystic (Snake:3)
  2 bunyip zombies
  5 spriggan riders
  A spriggan druid (Swamp:2)
  A death drake (Swamp:4)
  4 naga ritualists
  4 anaconda zombies
  12 deep trolls
  A swamp dragon (Swamp:4)
  5 ironbound convokers
  A wizard (Vaults:2)
  4 deep elf archers
  6 orc knights
  7 deep elf pyromancers
  A harpy (Vaults:2)
  3 orc sorcerers
  4 ugly thing zombies
  9 deep elf zephyrmancers
  A wolf spider (D:13)
  5 lindwurms
  5 ugly things
  2 mana vipers (Snake:4)
  A salamander (Snake:3)
  7 cyclopes
  A necromancer (Vaults:2)
  2 manticores
  A stone giant zombie (Depths:1)
  2 elephants
  2 guardian serpents (Snake:4)
  A shock serpent zombie (Snake:4)
  A naga mage (Snake:4)
  9 black mambas
  A gargoyle (D:12)
  7 vault sentinels
  A torpor snail (Lair:5)
  4 rime drakes (IceCv)
  2 komodo dragons
  A cane toad (Lair:4)
  An unseen horror (D:10)
  2 death yak zombies (Lair:5)
  A swamp worm zombie (Swamp:4)
  2 hydra zombies
  A tengu conjurer (D:13)
  11 yaktaurs
  A death drake zombie (Swamp:4)
  3 mana viper zombies
  A meliai (D:8)
  6 tyrant leeches
  3 hornets
  7 trolls
  A boulder beetle zombie (D:8)
  3 guardian serpent zombies
  A polar bear (Lair:1)
  Prince Ribbit (D:7)
  A slime creature (Vaults:1)
  3 blink frogs
  A meliai zombie (D:8)
  A dream sheep (Lair:2)
  5 black mamba zombies
  3 wraiths (Orc:2)
  A tyrant leech zombie (Swamp:2)
  A wyvern (Lair:1)
  8 yaks
  2 basilisks
  4 spriggan zombies
  A steam dragon (D:13)
  4 vampire mosquitoes
  A two-headed ogre zombie (D:8)
  An acid dragon (D:9)
  4 swamp worms
  17 nagas
  2 water moccasins
  A lindwurm zombie (Vaults:3)
  12 orc warriors
  5 swamp drakes
  An ice beast (IceCv)
  4 hornet zombies
  4 swamp dragon zombies
  15 elf zombies
  6 blink frog zombies (Lair:5)
  2 wolves
  A boggart (D:12)
  4 centaurs
  10 ogres
  5 rime drake zombies (IceCv)
  4 vampire mosquito zombies
  2 kobold brigands (D:14)
  5 yaktaur zombies (Vaults:3)
  2 scorpions
  3 salamander zombies (Snake:3)
  A water moccasin zombie (Lair:5)
  4 wights
  A wyvern zombie (D:8)
  6 troll zombies
  4 yak zombies
  9 naga zombies
  2 killer bees (D:10)
  4 electric eels
  A howler monkey (D:8)
  3 wolf zombies
  3 bullfrog zombies
  A quasit (D:14)
  5 centaur zombies
  A gnoll bouda (D:12)
  7 orc priests
  A basilisk zombie (D:8)
  6 orc wizards
  2 scorpion zombies
  15 human zombies
  4 ogre zombies
  An ice beast zombie (IceCv)
  5 hound zombies
  A howler monkey zombie (D:8)
  An adder (D:11)
  4 gnolls (D:7)
  A steam dragon zombie (D:13)
  7 swamp drake zombies
  A white imp (D:14)
  2 adder zombies
  A worm zombie (D:5)
  2 dart slugs
  19 orcs
  2 ball pythons
  A bat zombie (D:10)
  A giant cockroach (D:10)
  A hobgoblin (D:11)
  2 kobolds (D:14)
  2 ball python zombies
  A bat (D:10)
  A dart slug zombie (D:8)
  An endoplasm zombie (D:4)
  A goblin zombie (D:4)
  2 hobgoblin zombies
  A kobold zombie (D:4)
  44 orc zombies
  A quokka zombie (D:9)
  A rat (D:12)
  A rat zombie (D:3)
  A river rat zombie (D:5)
  A briar patch (Swamp:3)
  A bush (D:14)
  7 foxfires (Swamp:2)
  35 fungi
  83 plants
765 creatures vanquished.

Grand Total: 1945 creatures vanquished

Notes
Turn   | Place    | Note
-------+----------+-------------------------------------------
     0 | D:1      | tilp the Mummy Necromancer began the quest for the Orb.
     0 | D:1      | Reached XP level 1. HP: 13/13 MP: 4/4
   451 | D:1      | Reached XP level 2. HP: 20/20 MP: 1/5
   854 | D:1      | Reached skill level 1 in Fighting
  1418 | D:2      | Gained mutation: You are in touch with the powers of death.
                  | [Mummy growth]
  1418 | D:2      | Reached XP level 3. HP: 22/26 MP: 1/7
  1422 | D:2      | Learned a level 3 spell: Vampiric Draining
  1644 | D:2      | Reached XP level 4. HP: 33/33 MP: 2/8
  2414 | D:2      | Reached skill level 5 in Necromancy
  2845 | D:3      | Learned a level 4 spell: Animate Dead
  3043 | D:3      | Found a burning altar of Makhleb.
  3183 | D:3      | Reached XP level 5. HP: 38/38 MP: 4/9
  3270 | D:3      | Found a faded altar of an unknown god.
  3410 | D:3      | Noticed Sigmund
  3623 | D:3      | Found an ancient bone altar of Kikubaaqudgha.
  3631 | D:3      | Became a worshipper of Kikubaaqudgha
  3826 | D:3      | Reached skill level 6 in Necromancy
  4100 | D:3      | Identified a scroll of acquirement
  4213 | D:4      | Reached XP level 6. HP: 45/45 MP: 3/10
  4317 | D:4      | Reached * piety under Kikubaaqudgha
  4317 | D:4      | Received a gift from Kikubaaqudgha
  4459 | D:4      | Reached skill level 1 in Evocations
  4810 | D:4      | Noticed Edmund
  4821 | D:4      | Killed Edmund
  4822 | D:4      | Reached XP level 7. HP: 52/52 MP: 2/12
  5328 | D:5      | Entered Level 5 of the Dungeon
  5437 | D:5      | Found a glowing drain.
  5507 | Sewer    | Entered a sewer
  5590 | Sewer    | Noticed Pargi
  5599 | Sewer    | Killed Pargi
  6048 | D:5      | Reached skill level 7 in Necromancy
  6113 | D:5      | Reached XP level 8. HP: 60/60 MP: 7/14
  6175 | D:5      | Found a blossoming altar of Fedhas.
  6231 | D:5      | Reached skill level 5 in Spellcasting
  6231 | D:5      | Reached skill level 8 in Necromancy
  6239 | D:5      | Learned a level 4 spell: Anguish
  7218 | D:6      | Reached skill level 1 in Hexes
  7629 | D:6      | Found Mudwia's Magic Scroll Boutique.
  7639 | D:6      | Bought a scroll of noise for 13 gold pieces
  7642 | D:6      | Bought a scroll of identify for 26 gold pieces
  7642 | D:6      | Bought a scroll of identify for 26 gold pieces
  7642 | D:6      | Bought a scroll of identify for 26 gold pieces
  7691 | D:6      | Found a sacrificial altar of Ru.
  8413 | D:6      | Reached skill level 5 in Fighting
  8413 | D:6      | Reached XP level 9. HP: 68/68 MP: 7/17
  8726 | D:6      | Bought a scroll of identify for 26 gold pieces
  8745 | D:7      | Noticed Prince Ribbit
  8777 | D:7      | Noticed Menkaure
  8792 | D:7      | Killed Menkaure
  9207 | D:7      | Found a staircase to the Ecumenical Temple.
  9657 | D:7      | Killed Prince Ribbit
 10572 | D:7      | Reached ** piety under Kikubaaqudgha
 10574 | D:7      | Reached skill level 9 in Necromancy
 10835 | D:3      | Killed Sigmund
 11021 | D:8      | Found an ornate altar of the Wu Jian Council.
 11144 | D:8      | Noticed a boulder beetle
 11156 | D:8      | Noticed an eight-headed hydra
 11222 | D:8      | Noticed a boulder beetle
 11242 | D:8      | Killed a boulder beetle
 11251 | D:8      | Reached XP level 10. HP: 48/77 MP: 2/20
 11299 | D:8      | Noticed a two-headed ogre
 11314 | D:8      | Reached skill level 10 in Necromancy
 11354 | D:8      | Found the +4 skin of Zhor {*Englaciate rC+++ SInv}
 11540 | D:8      | Identified the +11 spear of Hepliaklqana's Regard {drain,
                  | rCorr}
 11540 | D:8      | Noticed a centaur warrior
 11545 | D:8      | Noticed a brown ugly thing
 11549 | D:8      | Killed a centaur warrior
 11558 | D:8      | Killed a brown ugly thing
 11854 | D:8      | Noticed a death knight
 11868 | D:8      | Killed an eight-headed hydra
 11870 | D:8      | Killed a death knight
 11984 | D:8      | Found a shadowy altar of Dithmenos.
 12023 | D:8      | Noticed a death knight
 12193 | D:8      | Killed a two-headed ogre
 12194 | D:8      | Reached skill level 5 in Hexes
 12194 | D:8      | Reached XP level 11. HP: 66/87 MP: 3/22
 12195 | D:8      | Reached skill level 11 in Necromancy
 12207 | D:8      | Killed a boulder beetle
 12375 | D:8      | Killed a death knight
 12616 | D:8      | Identified the +3 quarterstaff "Zexaj" {distort, rF+ Dex+4}
 12785 | D:8      | Found a snail-covered altar of Cheibriados.
 13180 | D:6      | Bought a scroll of silence for 123 gold pieces
 13235 | D:9      | Found Bostik's Assorted Antiques.
 13322 | D:9      | Noticed a two-headed ogre
 13331 | D:9      | Killed a two-headed ogre
 13623 | D:9      | Reached skill level 12 in Necromancy
 13626 | D:9      | Reached skill level 10 in Fighting
 13745 | D:9      | Found Baodwom's Weapon Shop.
 13774 | D:9      | Found Worchuy's Antique Weapon Emporium.
 13847 | D:9      | Bought a scroll of brand weapon for 247 gold pieces
 13887 | D:9      | Found Tymyxuin's Antique Armour Shoppe.
 13892 | D:9      | Acquired 1115 gold pieces
 13894 | D:9      | Bought a runed orb for 216 gold pieces
 13894 | D:9      | Bought a glowing cloak for 135 gold pieces
 13932 | D:9      | Bought the +8 morningstar "Akiliesk" {venom, rPois rF+
                  | Dex+2} for 806 gold pieces
 14001 | D:9      | You fall into a shaft and drop 3 floors!
 14014 | D:11     | Noticed a boulder beetle
 14040 | D:11     | Noticed a six-headed hydra
 14046 | D:11     | Killed a six-headed hydra
 14047 | D:11     | Reached skill level 1 in Staves
 14052 | D:11     | Killed a boulder beetle
 14053 | D:11     | Reached XP level 12. HP: 82/97 MP: 5/25
 14084 | D:11     | Reached skill level 1 in Armour
 14486 | D:10     | Entered Level 10 of the Dungeon
 14865 | D:9      | Found Zimaileh's Weapon Boutique.
 15095 | D:10     | Found a staircase to the Lair.
 15379 | D:10     | Found Matih's Assorted Antiques.
 15737 | D:10     | Noticed a centaur warrior
 15746 | D:10     | Killed a centaur warrior
 15924 | D:11     | Found Kenel's Demolitions Depot.
 16360 | D:11     | Noticed a two-headed ogre
 16367 | D:11     | Killed a two-headed ogre
 16625 | D:11     | Noticed a boulder beetle
 16629 | D:11     | Killed a boulder beetle
 16878 | D:12     | Noticed a two-headed ogre
 16893 | D:12     | Killed a two-headed ogre
 17291 | Lair:1   | Entered Level 1 of the Lair of Beasts
 17496 | Lair:1   | You fall into a shaft and drop 1 floor!
 17929 | Lair:2   | Reached skill level 5 in Dodging
 18091 | Lair:2   | Gained mutation: You are strongly in touch with the powers
                  | of death. [Mummy growth]
 18091 | Lair:2   | Reached XP level 13. HP: 95/104 MP: 22/26
 18881 | Lair:2   | Reached skill level 10 in Spellcasting
 18883 | Lair:2   | Reached skill level 13 in Necromancy
 18912 | Lair:1   | Reached skill level 5 in Evocations
 20650 | Lair:3   | Found a staircase to the Snake Pit.
 20817 | Lair:3   | Reached skill level 5 in Staves
 21135 | Lair:3   | Reached *** piety under Kikubaaqudgha
 21135 | Lair:3   | Received a gift from Kikubaaqudgha
 21175 | Lair:3   | Learned a level 6 spell: Death Channel
 21181 | Lair:3   | Learned a level 5 spell: Borgnjor's Vile Clutch
 21188 | Lair:3   | Learned a level 6 spell: Simulacrum
 21990 | Lair:3   | Found a staircase to the Swamp.
 21999 | Lair:3   | Reached skill level 1 in Earth Magic
 22136 | Lair:4   | Found a frozen archway.
 22138 | Lair:4   | Reached skill level 1 in Ice Magic
 22322 | IceCv    | Entered an ice cave
 23802 | IceCv    | Noticed a white draconian
 23810 | IceCv    | Killed a white draconian
 24154 | Lair:4   | Reached **** piety under Kikubaaqudgha
 24230 | Lair:4   | Noticed Snorg
 24239 | Lair:4   | Killed Snorg
 24416 | Lair:4   | Reached XP level 14. HP: 113/113 MP: 6/28
 24861 | Lair:5   | Entered Level 5 of the Lair of Beasts
 25558 | Lair:5   | Reached skill level 14 in Necromancy
 25573 | Lair:5   | Reached ***** piety under Kikubaaqudgha
 26136 | Lair:5   | Found a runed translucent door.
 26756 | Lair:5   | Found a viscous altar of Jiyva.
 26757 | Lair:5   | Found a staircase to the Slime Pits.
 27537 | D:12     | Noticed Erolcha
 27545 | D:12     | Killed Erolcha
 27736 | D:12     | Reached skill level 5 in Earth Magic
 27968 | D:12     | Found a staircase to the Orcish Mines.
 28099 | Orc:1    | Entered Level 1 of the Orcish Mines
 28124 | Orc:1    | Noticed Maurice
 28130 | Orc:1    | Killed Maurice
 28131 | Orc:1    | Reached skill level 5 in Ice Magic
 28189 | Orc:1    | Found Waimehut's Armour Boutique.
 28208 | Orc:1    | Your ally Maurice died
 28554 | Orc:1    | Reached XP level 15. HP: 103/120 MP: 5/30
 29029 | Orc:1    | Found a shimmering blue altar of Sif Muna.
 29168 | Orc:2    | Entered Level 2 of the Orcish Mines
 29606 | Orc:2    | Noticed Josephine
 29612 | Orc:2    | Killed Josephine
 29622 | Orc:2    | Reached skill level 15 in Necromancy
 29628 | Orc:2    | Reached ****** piety under Kikubaaqudgha
 29736 | Orc:2    | Received a gift from Kikubaaqudgha
 29801 | Orc:2    | Found Lyrunnoag's General Store.
 29802 | Orc:2    | Found Kiafoici's Assorted Antiques.
 29804 | Orc:2    | Found Neroti's Jewellery Shoppe.
 29807 | Orc:2    | Found Junife's Book Shop.
 29873 | Orc:2    | Found Nilimp's Armour Shoppe.
 29876 | Orc:2    | Noticed Jorgrun
 29883 | Orc:2    | Killed Jorgrun
 30129 | Orc:2    | Found a staircase to the Elven Halls.
 30304 | Orc:2    | Learned a level 7 spell: Haunt
 30603 | D:11     | Bought a manual of Evocations for 1040 gold pieces
 31337 | D:14     | Found a stormy altar of Qazlal.
 31373 | D:14     | Reached skill level 1 in Summonings
 31424 | D:14     | Found a gate to the Vaults.
 32867 | D:6      | Bought a scroll of teleportation for 39 gold pieces
 32867 | D:6      | Bought a scroll of teleportation for 39 gold pieces
 32928 | D:9      | Bought a brass ring for 130 gold pieces
 33074 | Orc:2    | Bought a scroll of magic mapping for 232 gold pieces
 33196 | D:15     | Entered Level 15 of the Dungeon
 33220 | D:15     | Found an iron altar of Okawaru.
 33916 | D:15     | Reached XP level 16. HP: 107/129 MP: 21/31
 34114 | D:15     | Found a staircase to the Depths.
 34479 | Snake:1  | Entered Level 1 of the Snake Pit
 34502 | Snake:1  | Noticed Aizul
 34515 | Snake:1  | Killed Aizul
 34814 | Snake:1  | Found Winoegau's Distillery.
 34814 | Snake:1  | Found Koofee's Armour Boutique.
 34815 | Snake:1  | Found Eruohug's Book Shop.
 34817 | Snake:1  | Found Vopossesm's Distillery.
 36047 | Snake:1  | Found Kiwut's Jewellery Boutique.
 36053 | Snake:1  | Noticed Nikola
 36055 | Snake:1  | Noticed Frances
 36062 | Snake:1  | Killed Nikola
 36064 | Snake:1  | Killed Frances
 37291 | Snake:2  | Identified the +9 great sword of Insufficient Pleasure
                  | {elec, +Blink Str+3 Int-2}
 37877 | Snake:2  | Found Refroc's Jewellery Boutique.
 37885 | Snake:2  | Bought a ring of protection from fire for 375 gold pieces
 37888 | Snake:2  | Found Rinumaf's Antique Weapon Boutique.
 38254 | Snake:2  | Upgraded the game from 0.30-a0-23-ge60ba3568b to
                  | 0.30-a0-29-g142975f185
 38923 | Snake:3  | Identified the +2 scale mail of Immorality {Stlth+}
 39493 | Snake:3  | Reached skill level 16 in Necromancy
 39755 | Snake:4  | Entered Level 4 of the Snake Pit
 40112 | Snake:4  | Noticed Vashnia
 40127 | Snake:4  | Killed Vashnia
 40282 | Snake:4  | Found Zyzaegru's Jewellery Boutique.
 40285 | Snake:4  | Found Usair's Book Shoppe.
 40286 | Snake:4  | Found Vyghari's Jewellery Boutique.
 40329 | Snake:4  | Reached XP level 17. HP: 123/137 MP: 20/33
 41595 | Snake:4  | Noticed a quicksilver dragon
 41596 | Snake:4  | Noticed a quicksilver dragon
 41794 | Snake:4  | Killed a quicksilver dragon
 41802 | Snake:4  | Killed a quicksilver dragon
 41803 | Snake:4  | Reached skill level 5 in Summonings
 41947 | Snake:4  | Got a serpentine rune of Zot
 43123 | D:13     | Identified the +0 chain mail "Ofaggeb" {Str+4}
 43572 | D:13     | Reached skill level 10 in Evocations
 44035 | Snake:1  | Bought the ring "Vawu" {Drain Fly rC+ Str+7 Slay+6} for
                  | 1094 gold pieces
 44102 | Swamp:1  | Entered Level 1 of the Swamp
 44102 | Swamp:1  | Noticed Donald
 44111 | Swamp:1  | Killed Donald
 47506 | Swamp:3  | Found a transporter.
 47704 | Swamp:3  | Found a transporter.
 48117 | Swamp:3  | Reached XP level 18. HP: 62/146 MP: 5/34
 48384 | Swamp:3  | Identified the -2 helmet of Tet Geja {rC++}
 48386 | Swamp:3  | Identified the ring of Compassion {Drain rPois rN+ Dex+5
                  | Stlth+}
 48439 | Swamp:4  | Entered Level 4 of the Swamp
 49790 | Swamp:4  | Reached skill level 17 in Necromancy
 50100 | Elf:1    | Entered Level 1 of the Elven Halls
 50926 | Elf:1    | Noticed Azrael
 50926 | Elf:1    | Identified the +5 long sword "Peamnoh" {venom, Dex+3}
 50933 | Elf:1    | Killed Azrael
 51312 | Snake:4  | Bought an amulet of magic regeneration for 420 gold pieces
 51587 | Vaults:1 | Entered Level 1 of the Vaults
 52158 | Vaults:1 | Found Gysicih's Jewellery Emporium.
 54057 | Vaults:2 | Reached skill level 15 in Fighting
 54233 | Vaults:2 | Reached XP level 19. HP: 143/155 MP: 24/36
 54243 | Vaults:2 | Learned a level 8 spell: Infestation
 54642 | Vaults:2 | Reached skill level 18 in Necromancy
 54859 | Vaults:2 | Reached skill level 10 in Staves
 55597 | Vaults:2 | Identified the +3 quarterstaff of Fate {vorpal, rElec
                  | rCorr}
 55735 | Vaults:2 | Found a staircase to the Crypt.
 56616 | Vaults:3 | Found Xyshri Voka's General Store.
 57566 | Vaults:3 | Noticed Jory
 57582 | Vaults:3 | Killed Jory
 57681 | Vaults:3 | Noticed a golden dragon
 58705 | Vaults:3 | Reached XP level 20. HP: 163/163 MP: 37/37
 58820 | Vaults:3 | Killed a golden dragon
 59006 | Vaults:4 | Found a flickering gateway to a bazaar.
 59031 | Bazaar   | Entered a bazaar
 59098 | Bazaar   | Found Upyrghitu's Assorted Antiques.
 59114 | Bazaar   | Found Yfaid's Antique Armour Shoppe.
 59143 | Bazaar   | Found Udoaxezxu's Antique Weapon Emporium.
 59143 | Bazaar   | Found Zoavua's Assorted Antiques.
 59226 | Bazaar   | Bought a scroll of magic mapping for 157 gold pieces
 59226 | Bazaar   | Bought a scroll of teleportation for 63 gold pieces
 59240 | Bazaar   | Bought a pair of runed gloves for 157 gold pieces
 61821 | Elf:1    | Paralysed by an air elemental for 1 turns
 61830 | Elf:1    | Paralysed by an air elemental for 1 turns
 62304 | Elf:1    | Got the Papyrus of Collective Striking
 63070 | Elf:2    | Paralysed by an air elemental for 1 turns
 63074 | Elf:2    | Paralysed by an air elemental for 1 turns
 63343 | Elf:2    | Reached skill level 1 in Shields
 63409 | Elf:2    | Paralysed by an air elemental for 1 turns
 63529 | Elf:2    | Found a runed translucent gate.
 63529 | Elf:2    | Found a runed translucent gate.
 63531 | Elf:2    | Found a runed translucent gate.
 63582 | Elf:2    | Found Cohatz's General Store.
 63636 | Elf:2    | Paralysed by an air elemental for 1 turns
 63824 | Elf:3    | Entered Level 3 of the Elven Halls
 64307 | Elf:3    | Noticed Asterion
 65179 | Elf:3    | Killed Asterion
 65896 | Depths:1 | Entered Level 1 of the Depths
 65906 | Depths:1 | Killed from afar by a deep troll earth mage

Illustrated notes

Levels and vault maps discovered:
D:1:      eino_arrival_cavern_d, layout_basic
D:2:      minmay_general_purpose_star, layout_basic, serial_park_tiny_pond,
          chequers_mini_garden, nrook_mini_vaults
D:3:      cheibrodos_thug_alley, layout_basic, jmf_multi_god_temple,
          lemuel_zombie_altar_kikubaaqudgha,
          hellmonk_ecumenical_altar_slurped_away, uniq_sigmund
D:4:      layout_rooms, st_stairs_6, minmay_diced_spiral, uniq_edmund
D:5:      layout_cave_pools, fedhas_altar_2, lightli_sewer_entry_pipes
D:6:      layout_basic, nicolae_ru_sacrificial_ziggurat, serial_shops,
          nicolae_shop_trees
D:7:      layout_layer_cave, minmay_temple_entry_proselytizer, minmay_holes,
          uniq_menkaure, uniq_prince_ribbit1
D:8:      minmay_cut_squares, layout_loops_cross, old_standard_altar,
          marbit_many_paths, grunt_dithmenos_smoke_and_mirrors,
          hellmonk_guarded_unrand_zhor
D:9:      layout_rooms, serial_shops,
          nicolae_shop_temple_entry_statues_fountains, shop, shop, shop,
          nicolae_shop_window_shopping
D:10:     kennysheep_big_flooded_room, layout_irregular_city, erik_lair_island,
          serial_shops, nicolae_shop_advertising_works
          [nicolae_subvault_shop_adworks], minmay_misc_feat_enclosed
D:11:     cheibrodos_elevator_heist, layout_small_grid, nicolae_blasting_shop
D:12:     layout_loops_corners, david_orc_4, nicolae_fountain_basement,
          uniq_erolcha
D:13:     minmay_box_of_curves, layout_basic
D:14:     kennysheep_kobold_grotto, layout_irregular_city, erik_vaults_2,
          nicolae_qazlal_general_emergency
D:15:     hangedman_depths_entry_try_elsewhere_first, layout_basic,
          okawaru_gym_becter
Lair:1:   layout_small_grid, st_stairs_4, grunt_megastairs_2
Lair:2:   layout_layer_cave
Lair:3:   layout_long_grid, nicolae_swamp_entry_splash_gauntlet,
          minmay_snake_entry_six_corridors, special_room [special_room_bee]
Lair:4:   layout_big_grid, portal_ice_cave_entry_ice_simulacra, uniq_snorg
Lair:5:   wormcave, layout_misc_corridors, dpeg_slime_entry_enclosed
Swamp:1:  layout_basic_swamp, evilmike_swamp_ruin_house_3, uniq_donald
Swamp:2:  layout_basic_swamp, nicolae_swamp_dense_foliage, swamp_pool5
Swamp:3:  gammafunk_worm_tunnel, layout_basic_swamp, evilmike_swamp_ruin_wall
Swamp:4:  swamp_fiery, layout_basic_swamp
Snake:1:  layout_layer_cave, serial_shops, shop, hangedman_snake_corridor_cut,
          serial_bayou_shore_a, minmay_shoptagon, uniq_nikola, uniq_aizul,
          uniq_frances
Snake:2:  layout_onion, minmay_shop_star
Snake:3:  layout_cave_town
Snake:4:  hellmonk_snake_rune_quicksilver_temple, layout_chambers,
          minmay_shop_grove, uniq_vashnia
Orc:1:    layout_caves, serial_shops, shop, kennysheep_orc_sif_temple,
          uniq_maurice
Orc:2:    st_orc_open, layout_diamond_mine, serial_shops, shop,
          nicolae_orc_tapped_out, uniq_jorgrun, uniq_josephine
Elf:1:    layout_loops_corners, minmay_elf_sorcery,
          nicolae_elf_glass_and_crystal_pillar_2, hangedman_glass_teeth,
          hangedman_elven_ridges, kilobyte_mutagenic_chamber, uniq_azrael
Elf:2:    elven_hall_of_blades_hangedman_original [nooodl_blade_entry_preview],
          layout_gridlike, serial_shops, nicolae_shop_hallway_stairs, hex_tiny,
          st_stairs_2, drop_trap
Elf:3:    minmay_elf_hall_x, layout_geoelf_diagonals,
          minmay_checkered_concentric_circles, uniq_asterion
Vaults:1: ontoclasm_vaults_pinch, vaults_room_semicircle,
          nicolae_vaults_rhombus_7, v_misc_3, v_misc_12, vaults_room_pool,
          vaults_room_semicircle, vaults_room_semicircle, vaults_room_hallway,
          layout_vaults_omnigrid, serial_shops, shop
Vaults:2: vaults_mumra_chevron, dpeg_vaults_monster_row, ontoclasm_vaults_tryst,
          vaults_mumra_minichess, nicolae_vaults_big_ls,
          hangedman_vaults_stream, v_misc_32, blue_anna_dwarven_crypt,
          v_pattern_1, vaults_room_grid, grunt_vaults_hallway_long,
          layout_vaults_omnicross
Vaults:3: v_misc_30, v_misc_18, vaults_room_large_hall, v_misc_33,
          vaults_room_stairs_pillars, hangedman_vaults_hard_town_square,
          v_rooms_2, vaults_dpeg_emergency_exit, hangedman_vaults_maws,
          vaults_room_stairs_pillars, layout_vaults_chaotic_city, serial_shops,
          shop, uniq_jory
Vaults:4: vaults_dpeg_cross, v_alt_pattern_1, hangedman_vaults_stitches,
          ontoclasm_vaults_decontamination, hangedman_vaults_slice,
          vaults_room_octagon, v_misc_3, ontoclasm_vaults_hangar, v_pattern_2,
          vaults_room_stairs_pillars, nicolae_vaults_alarming,
          hangedman_vaults_pinch, layout_vaults_maze, serial_shops, freezing_bzr
Depths:1: layout_honeycomb, hangedman_geh_valley, abyss_entry_crystal,
          chequers_jeans, kennysheep_just_a_vault, serial_bayou_shore_b

Skill      XL: |  1  2  3  4  5  6  7  8  9 10 11 12 13 14 15 16 17 18 19 20 |
---------------+-------------------------------------------------------------+-----
Fighting       | 1 2 3 4 5 6 8 10 11 12 13 14 15 16 | 16.1
Spellcasting   | 3 4 5 6 7 9 10 11 12 13 | 13.9
Stealth        | 2 3 4 |  4.0
Dodging        | 2 3 4 5 6 7 8 |  8.3
Necromancy     | 5 6 7 8 9 10 12 13 14 15 16 17 18 | 18.9
Evocations     | 1 2 3 4 5 6 7 9 10 11 12 | 12.9
Hexes          | 1 3 5 6 7 8 |  8.9
Staves         | 1 4 5 6 8 10 | 10.6
Armour         | 2 3 4 |  4.8
Earth Magic    | 2 5 6 7 8 |  8.8
Ice Magic      | 2 5 6 7 8 |  8.7
Summonings     | 2 4 6 7 8 |  8.8
Shields        | 2 |  2.1

Action                   |  1- 3 |  4- 6 |  7- 9 | 10-12 | 13-15 | 16-18 | 19-21 || total
-------------------------+-------+-------+-------+-------+-------+-------+-------++-------
Melee: Unarmed           |     7 |       |       |       |       |       |       ||     7
       Short sword       |       |     3 |     6 |       |       |       |       ||     9
       Spear             |       |       |       |    51 |       |       |       ||    51
       Morningstar       |       |       |       |    22 |       |       |       ||    22
       Punch             |       |       |       |     1 |       |     1 |     2 ||     4
       Lajatang          |       |       |       |   124 |   729 |    98 |       ||   951
       Staff             |       |       |       |       |       |   151 |   145 ||   296
 Fire: Sling             |       |   170 |   235 |    32 |       |       |       ||   437
Throw: Stone             |       |     1 |       |       |       |       |       ||     1
       Dart              |       |       |     2 |     2 |     1 |       |     1 ||     6
 Cast: Necrotise         |    60 |    26 |     1 |       |     1 |       |       ||    88
       Animate Dead      |       |     3 |    10 |    15 |    19 |    25 |    16 ||    88
       Vampiric Draining |       |    10 |    55 |    15 |    13 |       |     4 ||    97
       Anguish           |       |       |    20 |    93 |   173 |   231 |   124 ||   641
       Borgnjor's Vile C |       |       |       |       |    43 |   211 |   118 ||   372
       Death Channel     |       |       |       |       |    37 |    64 |    27 ||   128
       Simulacrum        |       |       |       |       |     1 |     8 |    14 ||    23
       Haunt             |       |       |       |       |       |     4 |     9 ||    13
       Infestation       |       |       |       |       |       |       |    27 ||    27
Invok: Unearth Wretches  |       |       |       |    10 |     9 |    18 |    10 ||    47
       Receive Forbidden |       |       |       |       |     1 |       |       ||     1
Evoke: Wand              |       |     2 |    11 |     6 |     1 |     4 |       ||    24
       Box of beasts     |       |       |       |       |       |     1 |     1 ||     2
       Condenser vane    |       |       |       |       |       |     1 |     1 ||     2
       Phial of floods   |       |       |       |       |       |     1 |       ||     1
       Phantom mirror    |       |       |       |       |       |       |     1 ||     1
  Use: Scroll            |     1 |     7 |     5 |    11 |     1 |     3 |     2 ||    30
 Stab: Paralysed         |       |       |       |     2 |     2 |     4 |     3 ||    11
       Distracted        |       |       |       |     3 |     8 |     1 |     2 ||    14
       Petrified         |       |       |       |       |     6 |       |       ||     6
       Sleeping          |       |       |       |       |     2 |     1 |     1 ||     4
Armor: Robe              |     4 |    43 |    59 |    13 |       |       |       ||   119
       Animal skin       |       |       |       |   131 |   395 |   192 |    79 ||   797
Dodge: Dodged            |     9 |    75 |   117 |   173 |   595 |   295 |   119 ||  1383

Table legend: (Time is in decaauts)
 A = Elapsed time spent in this place.
 B = Non-inter-level travel time spent in this place.
 C = Inter-level travel time spent in this place.
 D = Time resting spent in this place.
 E = Time spent auto-exploring this place.
 F = Levels seen in this place.
 G = Mean time per level.
                   A        B        C        D        E       F      G
               +--------+--------+--------+--------+--------+-----+--------+
         Total |  66343 |  60367 |   5976 |   6055 |  45057 |  41 | 1618.1 |
       Dungeon |  25022 |  22007 |   3015 |   2055 |  16428 |  15 | 1668.1 |
          Lair |   8526 |   7567 |    959 |    503 |   5824 |   5 | 1705.2 |
         Swamp |   5743 |   5475 |    268 |    544 |   4250 |   4 | 1435.8 |
     Snake Pit |   8026 |   7451 |    575 |    525 |   6037 |   4 | 2006.5 |
  Orcish Mines |   2900 |   2481 |    419 |    600 |   1477 |   2 | 1450.0 |
   Elven Halls |   4422 |   4169 |    253 |     34 |   3389 |   3 | 1474.0 |
        Vaults |   9414 |   8929 |    485 |    588 |   7093 |   4 | 2353.5 |
        Depths |      9 |      9 |      0 |      0 |      0 |   1 |    9.0 |
        Bazaar |    260 |    260 |      0 |      0 |    140 |   1 |  260.0 |
         Sewer |    222 |    222 |      0 |     83 |     53 |   1 |  222.0 |
      Ice Cave |   1795 |   1795 |      0 |   1123 |    364 |   1 | 1795.0 |
               +--------+--------+--------+--------+--------+-----+--------+

Top non-repeatable levels by time:
Vaults:2: 2810 daAuts
 Snake:1: 2530 daAuts
 Snake:4: 2500 daAuts
Vaults:1: 2419 daAuts
     D:7: 2365 daAuts
Vaults:3: 2360 daAuts
    D:12: 2239 daAuts
    D:13: 2104 daAuts
  Lair:3: 2078 daAuts
     D:6: 1995 daAuts
     D:8: 1960 daAuts
   Orc:2: 1928 daAuts
    D:10: 1927 daAuts
  Lair:1: 1894 daAuts
   Elf:3: 1865 daAuts
